 Dungeon Crawl Stone Soup version 0.29.1-1-gd02db6906a (webtiles) character file.

Game seed: 10471514172245128183

30 Powertoast the Magician (level 3, 25/25 HPs)
             Began as a Gnoll Hedge Wizard on Sept 20, 2022.
             Quit the game on level 1 of the Dungeon.
             The game lasted 00:02:36 (1181 turns).

Powertoast the Magician (Gnoll Hedge Wizard)        Turns: 1181, Time: 00:02:37

Health: 25/25      AC:  3    Str:  9    XL:     3   Next: 18%
Magic:  11/11      EV: 12    Int: 15    God:
Gold:   27         SH:  0    Dex: 11    Spells: 7/16 levels left

rFire   . . .      SeeInvis .   k - +0 falchion
rCold   . . .      Faith    .   (no shield)
rNeg    . . .      Spirit   .   h - +0 leather armour
rPois   .          Reflect  .   c - +0 hat
rElec   .          Harm     .   (no cloak)
rCorr   .          Rampage  .   (no gloves)
Will    .....                   (no boots)
Stlth   ++........              (no amulet)
HPRegen 0.08/turn               (no ring)
MPRegen 0.12/turn               (no ring)

@: no status effects
A: fangs 1, strong nose, distributed training
a: no special abilities


You were on level 1 of the Dungeon.
You visited 1 branch of the dungeon, and saw 1 of its levels.

You collected 27 gold pieces.

Inventory:

Hand Weapons
 a - a +0 dagger
 f - a +0 spear
 k - a +0 falchion (weapon)
Armour
 b - a +0 robe
 c - a +0 hat (worn)
 h - a +0 leather armour (worn)
Scrolls
 g - 2 scrolls of noise {unknown}
 i - a scroll of poison {unknown}
 j - a scroll of enchant armour {unknown}
 l - a scroll of identify {unknown}
Potions
 d - a potion of magic
 e - a potion of might {unknown}
 m - a potion of invisibility {unknown}


   Skills:
 + Level 0.7 Fighting
 + Level 0.7 Short Blades
 + Level 0.7 Long Blades
 + Level 0.7 Axes
 + Level 0.7 Maces & Flails
 + Level 0.7 Polearms
 + Level 0.7 Staves
 + Level 0.7 Ranged Weapons
 + Level 0.7 Throwing
 + Level 0.7 Armour
 + Level 4.5 Dodging
 + Level 4.1 Stealth
 + Level 0.7 Shields
 + Level 0.7 Unarmed Combat
 + Level 7.1 Spellcasting
 + Level 2.1 Conjurations
 + Level 0.5 Hexes
 + Level 2.1 Summonings
 + Level 0.5 Necromancy
 + Level 2.1 Translocations
 + Level 0.5 Transmutations
 + Level 0.5 Fire Magic
 + Level 0.5 Ice Magic
 + Level 0.5 Air Magic
 + Level 0.5 Earth Magic
 + Level 0.5 Poison Magic
 + Level 0.9 Invocations
 + Level 0.7 Evocations


You had 7 spell levels left.
You knew the following spells:

 Your Spells              Type           Power      Damage    Failure   Level
a - Magic Dart            Conj           44%        1d5       8%          1
b - Blink                 Tloc           22%        N/A       11%         2
c - Call Imp              Summ           11%        N/A       11%         2
d - Slow                  Hex            24%        N/A       14%         1
e - Mephitic Cloud        Conj/Pois/Air  8%         N/A       34%         3

Your spell library contained the following spells:

 Spells                   Type           Power      Damage    Failure   Level
 Conjure Flame            Conj/Fire      9%         6-21      30%         3
 Confusing Touch          Hex            6%         N/A       41%         3
 Yara's Violent Unravell  Hex/Tmut       3%         3d4       99%         5
 Enfeeble                 Hex            3%         N/A       100%        7


Dungeon Overview and Level Annotations

Branches:
Dungeon (1/15)

Altars:


Innate Abilities, Weirdness & Mutations

You have very sharp teeth.
Your uncanny sense of smell can sniff out nearby items.
Your experience applies equally to all skills.


Message History

a +0 dagger; a goblin corpse The bat hits you but does no damage.
The bat barely misses you.
You barely miss the bat. The bat barely misses you.
The bat completely misses you. The bat hits you but does no damage.
The bat hits you. The bat hits you but does no damage.
You hit the bat.
You kill the bat!
You see here a bat corpse.
l - a scroll labelled EMNEDU YXYULENG You see here a +0 robe.
You see here a +0 robe.
You open the door.
Found 5 stones.
There is an open door here.
Found a book of Minor Magic.
Found a stone staircase leading down.
You open the door.
A goblin comes into view. It is wielding a +0 club.
The goblin shouts!
There is an open door here.
You hit the goblin.
The goblin is severely wounded.
The goblin barely misses you. The goblin closely misses you.
You slash the goblin!
You kill the goblin!
You see here a +0 club.
You now have 27 gold pieces (gained 7).
m - a murky ruby potion You see here a +0 club.
There is an open door here.
You see here a book of Minor Magic.
A ball python comes into view.
The magic dart hits the ball python.
You kill the ball python!
You see here a book of Minor Magic.
You see here a ball python corpse.
You see here a ball python corpse.
Done exploring.
Done exploring.
Are you sure you want to abandon this character and quit the game? (Confirm with "yes".)

## .# ###### .# #....#
.######## ####.##.#
........# #.†...#.#
........##########.#####.#
................@.>:.....#
........##########.#######
........# #.........#
.....(..#
##.###.....###########
#.......#
#..........##.........
###.#####
#.......#'###.########
..).# #.......#)#
#.#....... ###†#
#.......#.# #.#.###### #
#.# #####.#.#.###.#...#


There were no monsters in sight!

Vanquished Creatures
  A gnoll (D:1)
  2 bats (D:1)
  An endoplasm (D:1)
  3 goblins (D:1)
  3 hobgoblins (D:1)
  3 jackals (D:1)
  2 ball pythons (D:1)
  2 kobolds (D:1)
  A rat (D:1)
18 creatures vanquished.

Notes
Turn   | Place    | Note
-------+----------+-------------------------------------------
     0 | D:1      | Powertoast the Gnoll Hedge Wizard began the quest for the
                  | Orb.
     0 | D:1      | Reached XP level 1. HP: 13/13 MP: 8/8
   151 | D:1      | Reached XP level 2. HP: 3/20 MP: 5/10
   682 | D:1      | Reached XP level 3. HP: 25/25 MP: 7/11
   688 | D:1      | Learned a level 2 spell: Blink
   691 | D:1      | Learned a level 2 spell: Call Imp
   693 | D:1      | Learned a level 1 spell: Slow
   697 | D:1      | Learned a level 3 spell: Mephitic Cloud
  1181 | D:1      | Quit the game

Illustrated notes

Levels and vault maps discovered:
D:1:      dpeg_arrival_rooms_b, layout_basic

Skill      XL: |  1 |
---------------+----+-----
Conjurations   | 2 |  2.1
Summonings     | 2 |  2.1
Translocations | 2 |  2.1
Fighting       | |  0.7
Short Blades   | |  0.7
Long Blades    | |  0.7
Axes           | |  0.7
Maces & Flails | |  0.7
Polearms       | |  0.7
Staves         | |  0.7
Ranged Weapons | |  0.7
Throwing       | |  0.7
Armour         | |  0.7
Dodging        | |  4.5
Stealth        | |  4.1
Shields        | |  0.7
Unarmed Combat | |  0.7
Spellcasting   | |  7.1
Hexes          | |  0.5
Necromancy     | |  0.5
Transmutations | |  0.5
Fire Magic     | |  0.5
Ice Magic      | |  0.5
Air Magic      | |  0.5
Earth Magic    | |  0.5
Poison Magic   | |  0.5
Invocations    | |  0.9
Evocations     | |  0.7

Action                   || total
-------------------------++-------
Melee: Dagger            ||     4
       Spear             ||    18
       Bite              ||     2
       Falchion          ||     7
 Cast: Magic Dart        ||    32
Armor: Robe              ||     7
       Leather armour    ||     6
Dodge: Dodged            ||    30
